Map: Ulrena

Players

AcerBly (Bly)

  • Race: Zerg Zerg

Reynor - Winner!

  • Race: Zerg Zerg
  • League: Grandmaster

Event: NationWars III

VOD

Have the link to the VOD?

Description

Time

  • Played on: Nov. 19, 2015, 12:13 p.m.
  • Length: 8:06

All games in this series

Show
View Real Time Build Order
Export as new Build Order

AcerBly Zerg 

Build Orders: Pool First 

Get SALT Encoding   

  12  0:01  Drone  
  13  0:12  Drone  
  14  0:23  Extractor  
  14  0:24  Drone x2, Extractor  
  16  0:35  Spawning Pool  
  15  0:44  Overlord  
  15  1:03  Drone x2  
  17  1:13  Hatchery  
  16  1:24  Zergling x4  
  18  1:28  Zergling x2  
  18  1:32  Queen  
  19  1:38  Extractor  
  19  1:39  Zergling x2  
  21  1:46  Zergling x2  
  22  1:57  Overlord  
  22  2:15  Queen  
  23  2:29  Drone x3  
  26  2:33  Queen  
  28  2:43  Overlord  
  28  2:44  Metabolic Boost  
  25  2:55  Zergling x6  
  28  3:03  Zergling x4  
  27  3:22  Baneling Nest, Zergling x6  
  27  3:31  Zergling x6  
  25  3:35  Zergling x2  
  24  3:43  Baneling Nest  
  24  3:45  Zergling x4  
  24  3:49  Zergling x2  
  26  3:55  Zergling x4  
  26  3:56  Zergling x2  
  26  3:58  Zergling x2  
  25  4:07  Baneling Nest  
  25  4:09  Zergling x2  
  24  4:16  Zergling x4  
  26  4:21  Zergling x2  
  26  4:24  Zergling x2  
  25  4:30  Zergling x2  
  21  4:32  Zergling x2  
  21  4:38  Zergling x2  
  21  4:42  Zergling x2  
  22  4:51  Baneling x5  
  22  4:53  Zergling x2  
  23  5:02  Queen  
  24  5:21  Zergling x6  
  24  5:28  Baneling x2  
  24  5:31  Drone  
  24  5:32  Zergling x2  
  26  5:44  Drone x2  
  25  5:57  Hatchery  
  25  6:01  Drone  
  25  6:05  Baneling x2  
  25  6:10  Drone  
  27  6:22  Hatchery  
  27  6:24  Drone x3  
  28  6:27  Baneling  
  28  6:35  Zergling x2  
  28  6:36  Baneling x2  
  28  6:37  Baneling x2  
  27  6:55  Baneling x2  
  27  6:59  Zergling x8  
  30  7:05  Queen  
  30  7:08  Extractor  
  31  7:10  Zergling x2  
  32  7:21  Baneling  
  31  7:23  Zergling x2  
  32  7:33  Roach Warren  
  26  7:37  Zergling x2  
  26  7:44  Zergling x2  
Show
View Real Time Build Order
Export as new Build Order

Reynor Zerg - Winner!

Build Orders: Hatch First 

Get SALT Encoding   

  12  0:02  Drone  
  13  0:12  Overlord  
  13  0:17  Drone  
  14  0:25  Drone, Extractor  
  15  0:30  Drone  
  16  0:36  Drone  
  17  0:53  Hatchery  
  17  0:56  Drone  
  17  1:06  Drone, Extractor  
  17  1:14  Spawning Pool  
  17  1:17  Drone  
  17  1:21  Drone  
  18  1:29  Drone  
  19  1:44  Overlord  
  19  2:01  Zergling x4  
  21  2:02  Queen  
  21  2:04  Queen  
  21  2:05  Zergling x2  
  26  2:09  Metabolic Boost  
  26  2:14  Zergling x2  
  27  2:21  Zergling x2  
  27  2:28  Zergling x2  
  28  2:31  Drone  
  29  2:41  Zergling x2  
  29  2:43  Zergling x2  
  30  2:47  Drone  
  30  2:48  Zergling x2  
  31  2:53  Drone  
  32  3:00  Zergling x2  
  32  3:04  Overlord  
  33  3:23  Zergling x6  
  35  3:28  Zergling x2  
  35  3:29  Baneling Nest, Zergling x2  
  35  3:32  Drone x2  
  35  3:39  Overlord  
  34  3:50  Zergling x2  
  34  3:55  Overlord  
  35  3:59  Drone x3  
  35  4:00  Drone x2, Spine Crawler  
  38  4:06  Zergling x4  
  38  4:08  Drone  
  41  4:16  Baneling  
  41  4:18  Zergling x2  
  41  4:19  Zergling x2  
  41  4:21  Zergling x2  
  41  4:23  Drone x2  
  43  4:26  Zergling x2  
  41  4:32  Zergling x2  
  41  4:33  Zergling x2  
  42  4:38  Drone  
  42  4:39  Drone x3  
  42  4:41  Zergling x2  
  47  4:47  Evolution Chamber  
  47  4:48  Baneling x2  
  47  4:49  Zergling x2  
  47  4:51  Baneling x2  
  46  4:54  Overlord  
  46  5:03  Drone x4  
  46  5:04  Baneling x2  
  48  5:16  Zergling x6  
  48  5:20  Overlord  
  45  5:22  Zerg Ground Armor Level 1  
  45  5:23  Zergling x4  
  45  5:27  Zergling x4  
  50  5:28  Zergling x2  
  50  5:30  Zergling x2  
  50  5:33  Zergling x2  
  50  5:34  Baneling  
  50  5:35  Baneling  
  52  5:37  Drone x2  
  52  5:42  Drone x2  
  55  5:44  Queen  
  55  5:48  Zergling x2  
  58  5:50  Baneling  
  58  5:54  Baneling  
  58  5:55  Zergling x8  
  61  5:59  Drone  
  61  6:00  Extractor  
  61  6:01  Drone x2  
  63  6:15  Hatchery  
  61  6:23  Zergling x8  
  61  6:24  Zergling x2  
  60  6:36  Baneling x4  
  60  6:37  Zergling x2  
  61  6:47  Zergling x12  
  63  6:58  Zergling x6  
  63  6:59  Zergling x2  
  66  7:04  Zergling x2  
  66  7:06  Drone  
  68  7:09  Roach Warren  
  68  7:14  Drone  
  68  7:15  Extractor  
  64  7:24  Zergling x4  
  64  7:28  Drone  
  64  7:37  Zergling x10  
  64  7:38  Zergling x4  
  64  7:40  Baneling x2  
  64  7:42  Drone  
  64  7:43  Drone  
  73  7:46  Drone  
  72  7:51  Drone x2  
Tags
 
Add a new tag
Caveats
  • Supply blocks, unpowered buildings, or Contaminate may cause inaccurate times.
  • Supply counts are checked every 10 seconds.